 Dungeon Crawl Stone Soup version 0.19.0-2-gae57169 (webtiles) character file.

431 Gargoyl the Agent of Entropy (level 6, -3/48 HPs)
             Began as a Demonspawn Abyssal Knight on Nov 3, 2016.
             Was a Priest of Lugonu.
             Slain by an iguana (7 damage)
             ... on level 4 of the Dungeon.
             The game lasted 00:07:11 (3536 turns).

Gargoyl the Agent of Entropy (DsAK)                 Turns: 3536, Time: 00:07:11

Health: -3/48      AC: 11    Str: 12 (15) XL:     6   Next: 66%
Magic:  10/10      EV:  8    Int: 10 (13) God:    Lugonu [***...]
Gold:   117        SH:  5    Dex: 10 (12) Spells: 0 memorised, 5 levels left

rFire  + + .     SeeInvis .     v - +0 war axe
rCold  . . .     Gourm    .     i - +0 scale mail
rNeg   . . .     Faith    .     q - +2 buckler {rF+}
rPois  .         Spirit   .     m - +1 hat
rElec  .         Reflect  .     d - +0 cloak
rCorr  .         Harm     .     (no gloves)
MR     +....                    (no boots)
Stlth  ..........               (no amulet)
                                s - ring of protection from magic
                                h - ring of protection from fire

@: no status effects
A: antennae 1, yellow scales 1, high mp 1, powered by pain 1
a: Depart the Abyss, Bend Space, Banish, Renounce Religion


You were on level 4 of the Dungeon.
You worshipped Lugonu.
Lugonu was most pleased with you.
You were not hungry.

You visited 1 branch of the dungeon, and saw 4 of its levels.
You visited the Abyss 1 time.

You collected 117 gold pieces.

Inventory:

Hand Weapons
 a - a +1 hand axe
 v - a +0 war axe (weapon)
Armour
 d - a +0 cloak (worn)
 i - a +0 scale mail (worn)
 m - a +1 hat (worn)
 q - a +2 buckler of fire resistance (worn)
Jewellery
 h - a ring of protection from fire (left hand)
 s - a ring of protection from magic (right hand)
 w - an uncursed ring of protection from cold {unknown}
Scrolls
 f - a scroll of enchant weapon {unknown}
 k - a scroll of noise {unknown}
 n - a scroll of teleportation {unknown}
 p - 2 scrolls of amnesia
 x - a scroll of remove curse {unknown}
Potions
 e - a potion of brilliance
 t - a potion of lignification {unknown}
 u - a potion of berserk rage {unknown}
Comestibles
 b - a chunk of flesh
 c - 3 bread rations
 j - 2 beef jerkies
 l - 2 meat rations


   Skills:
 + Level 3.9 Fighting
 + Level 3.9 Axes
 * Level 3.8 Armour
 + Level 1.3 Dodging
 + Level 0.5 Shields
 * Level 4.6 Invocations


You had 5 spell levels left.
You didn't know any spells.

Dungeon Overview and Level Annotations

Branches:
Dungeon (4/15)
 Temple: D:4-7

Altars:
Dithmenos
Elyvilon
Gozag
Zin


Innate Abilities, Weirdness & Mutations

You have a pair of small antennae on your head.
You are partially covered in yellow scales. (AC +2)
You sometimes gain a little power by taking damage.
You have an increased reservoir of magic. (+10% MP)


Message History

You barely miss the iguana.
The iguana is heavily wounded.
The iguana bites you but does no damage.
You closely miss the iguana.
The iguana is heavily wounded.
The iguana bites you.
* * * LOW HITPOINT WARNING * * *
You closely miss the iguana.
The iguana is heavily wounded.
You block the iguana's attack. The iguana closely misses you.
You hit the iguana.
The iguana is severely wounded.
The iguana bites you!
* * * LOW HITPOINT WARNING * * *
You completely miss the iguana.
The iguana is severely wounded.
The iguana bites you.
* * * LOW HITPOINT WARNING * * *
The iguana bites you!
You die...

.............# #..#
.............#
#..####
.......#...<.#
.....##
#..#####......#
....... ..##
##.#....# ##.......
.##
#..##...###........
.#
#..###...#.........
.# #..# #............
#######..#
#...@........
.##......##
##..l...###..
.....###..###..#...##
#..### ##..#.?###..#
##.# ##..### ##..#
#.## #### #.# ##.# ##
#.# ###


You could see an iguana.

Vanquished Creatures
  The ghost of smzp the Grasshopper, an amateur NaWr (D:3)
  An ogre (D:4)
  Terence (D:2)
  A hound skeleton (D:4)
  Robin (D:2)
  8 adders
  3 oozes
  2 worms
  4 dart slugs
  4 leopard geckos
  9 orcs
  3 giant cockroaches
  21 goblins
  10 hobgoblins
  7 jackals
  7 kobolds
  3 quokkas
  4 bats
  4 frilled lizards
  6 rats
100 creatures vanquished.

Vanquished Creatures (others)
  4 toadstools (D:1)
4 creatures vanquished.

Grand Total: 104 creatures vanquished

Notes
Turn   | Place    | Note
-------+----------+-------------------------------------------
     0 | Abyss:1  | Gargoyl the Demonspawn Abyssal Knight began the quest for the Orb.
     0 | Abyss:1  | Reached XP level 1. HP: 18/18 MP: 2/2
    51 | Abyss:1  | Noticed a thrashing horror
    52 | D:1      | Escaped the Abyss
   351 | D:1      | Gained mutation: You have a pair of small antennae on your head. [demonic ancestry]
   351 | D:1      | Reached XP level 2. HP: 19/24 MP: 3/3
   519 | D:1      | Reached * piety under Lugonu
   782 | D:1      | Reached skill level 3 in Invocations
   928 | D:2      | Noticed Terence
   941 | D:2      | Reached XP level 3. HP: 24/29 MP: 5/5
   942 | D:2      | Killed Terence
  1031 | D:2      | Found a glowing silver altar of Zin.
  1032 | D:2      | Found an opulent altar of Gozag.
  1090 | D:2      | Found a white marble altar of Elyvilon.
  1192 | D:2      | Noticed Robin
  1199 | D:2      | Reached skill level 1 in Dodging
  1207 | D:2      | Killed Robin
  1207 | D:2      | Gained mutation: You are partially covered in yellow scales. (AC +2) [demonic ancestry]
  1207 | D:2      | Reached XP level 4. HP: 28/36 MP: 6/6
  1568 | D:2      | Found a faded altar of an unknown god.
  1811 | D:2      | Reached ** piety under Lugonu
  1844 | D:2      | Gained mutation: You sometimes gain a little power by taking damage. [demonic ancestry]
  1844 | D:2      | Reached XP level 5. HP: 40/42 MP: 7/7
  2309 | D:3      | Noticed smzp's ghost (amateur NaWr)
  2382 | D:3      | Killed smzp's ghost
  2382 | D:3      | Reached skill level 4 in Invocations
  2382 | D:3      | Reached XP level 6. HP: 30/48 MP: 7/9
  2967 | D:4      | Found a shadowy altar of Dithmenos.
  3286 | D:4      | Gained mutation: You have an increased reservoir of magic. (+10% MP) [potion of beneficial mutation]
  3478 | D:3      | Reached *** piety under Lugonu
  3536 | D:4      | Slain by an iguana

Skill      XL: |  1  2  3  4  5 |
---------------+----------------+-----
Armour         | 2 3 |  3.8
Axes           | 2 3 |  3.9
Invocations    | 3 4 |  4.6
Dodging        | 1 |  1.3
Fighting       | |  3.9
Shields        | |  0.5

Action                   |  1- 3 |  4- 6 || total
-------------------------+-------+-------++-------
Melee: Hand axe          |    88 |   196 ||   284
       War axe           |       |    85 ||    85
Invok: Depart the Abyss  |     1 |       ||     1
       Bend Space        |       |     3 ||     3
  Use: Scroll            |     4 |     4 ||     8
       Potion            |       |     5 ||     5
  Eat: Chunk             |     1 |     8 ||     9
Armor: Leather armour    |    11 |       ||    11
       Ring mail         |    12 |       ||    12
       Scale mail        |    20 |   178 ||   198
Dodge: Dodged            |    66 |   133 ||   199
Block: Buckler           |       |    72 ||    72
